AoeStats
← BlueStaR

MegaRandom

515331663Analyzed
4v4 RM · 16d ago on Oct 21, 2026· 34m 57s· 8 players
Game mode
Random Map
Map size
Large (8 player)
Population
200
Speed
Normal
Resources
Standard
Victory
Conquest
Starting age
Dark Age
Ending age
Imperial Age
RankedLock teamsTeams togetherTeam positionsShared explorationLock speedFull tech treeHidden civsTurbo modeCheats
Victory
Defeat
🇩🇪 Shu · Germany
1424
+7
🇫🇷 Bohemians · France
1177
+15
🇮🇳 Saracens · India
1099
+18
🇵🇰 Britons · Pakistan
1084
+19
vs
🇪🇸 Mongols · Spain
1225
-17
🇨🇭 Burgundians · Switzerland
1148
-14
1148
-14
🇨🇴 Spanish · Colombia
1144
-14
BlueStaR
2:53 Loom
12:14 Feudal Age
13:55 Feudal Age
14:47 Double-Bit Axe
14:48 Horse Collar
17:58 Castle Age
18:58 Bow Saw
18:49 Heavy Plow
18:13 Pikeman
19:50 Wheelbarrow
25:03 Hand Cart
28:05 Imperial Age
26:11 Squires
27:32 Forging
27:22 Scale Mail Armor
28:48 Iron Casting
29:53 Chemistry
28:25 Halberdier
31:19 Conscription
33:03 Blast Furnace
33:08 Wagenburg Tactics
33:21 Chain Mail Armor
33:00 Arson
33:55 Houfnice
35:31 Plate Mail Armor
Haider_435
6:06 Loom
8:44 Feudal Age
12:23 Fletching
19:03 Double-Bit Axe
22:27 Castle Age
20:22 Horse Collar
21:38 Gold Mining
23:16 Bodkin Arrow
22:43 Crossbowman
25:16 Padded Archer Armor
26:16 Ballistics
27:13 Bow Saw
32:32 Imperial Age
30:26 Thumb Ring
33:36 Bracer
34:41 Chemistry
33:03 Arbalester
A G H A
6:36 Loom
9:28 Feudal Age
10:49 Double-Bit Axe
14:44 Fletching
21:59 Castle Age
21:14 Padded Archer Armor
21:00 Horse Collar
22:29 Gold Mining
22:03 Crossbowman
23:06 Bodkin Arrow
26:00 Ballistics
28:30 Wheelbarrow
27:40 Town Watch
34:57 Imperial Age
33:32 Hand Cart
33:56 Gold Shaft Mining
34:15 Leather Archer Armor
35:44 Hand Cart
Sam
9:33 Loom
12:26 Feudal Age
14:52 Horse Collar
15:39 Double-Bit Axe
17:56 Castle Age
16:39 Fishing Lines
18:07 Scale Barding Armor
18:12 Forging
19:37 Gold Mining
20:00 Husbandry
20:11 Bloodlines
21:30 Chain Barding Armor
26:06 Wheelbarrow
27:29 Gillnets
29:33 Iron Casting
31:06 Hand Cart
35:15 Fletching
Kestrel
7:25 Loom
9:21 Feudal Age
21:42 Castle Age
Baron279
5:06 Loom
8:16 Double-Bit Axe
12:42 Feudal Age
11:04 Horse Collar
11:18 Gold Mining
14:09 Bow Saw
14:04 Heavy Plow
18:02 Castle Age
17:07 Gold Shaft Mining
17:32 Scale Barding Armor
18:18 Forging
19:58 Wheelbarrow
20:00 Cavalier
24:36 Iron Casting
25:51 Hand Cart
27:53 Chain Barding Armor
29:48 Crop Rotation
32:26 Two-Man Saw
31:21 Stone Mining
32:13 Husbandry
35:32 Imperial Age
33:10 Padded Archer Armor
33:01 Fletching
34:19 Leather Archer Armor
34:29 Ballistics
33:50 Treadmill Crane
Samurai "Ngưu Ma Vương"
1:09 Loom
11:27 Feudal Age
12:57 Double-Bit Axe
23:49 Castle Age
21:41 Stone Mining
21:41 Gold Mining
32:54 Wheelbarrow
33:54 Gold Shaft Mining
35:12 Masonry
Enlightened
4:20 Loom
11:47 Feudal Age
13:09 Double-Bit Axe
13:04 Horse Collar
16:44 Castle Age
17:40 Bow Saw
17:30 Heavy Plow
19:19 Bloodlines
25:57 Wheelbarrow
27:12 Hand Cart
27:19 Fletching
27:30 Padded Archer Armor
27:37 Scale Barding Armor
28:17 Husbandry
28:40 Bodkin Arrow
29:01 Leather Archer Armor
30:12 Chain Barding Armor
30:35 Forging
30:19 Gold Mining
30:21 Stone Mining
30:40 Town Watch
32:25 Fortified Wall
32:35 Ballistics
33:31 Iron Casting
Connection lost

Rejoining the realm…

Still unreachable

The connection could not be restored.

Session expired

The server has moved on; the page needs a fresh start.